 Dungeon Crawl Stone Soup version 0.27-a0-1500-g450c7e4133 (webtiles) character file.

Game seed: 3360367327572403254

97 snetch the Magician (level 5, -3/35 HPs)
             Began as a Djinni Fire Elementalist on July 7, 2021.
             Was an Initiate of Ashenzari.
             Slain by a wyvern zombie (9 damage)
             ... on level 3 of the Dungeon.
             The game lasted 00:08:59 (2857 turns).

snetch the Magician (Djinni Fire Elementalist)      Turns: 2857, Time: 00:09:00

Health: -3/35      AC:  5    Str:  7    XL:     5   Next: 0%
Gold:   51         EV: 11    Int: 18    God:    Ashenzari [......] SH:  0 Dex: 13

rFire    + + .     SeeInvis .   (no weapon)
rCold    x . .     Faith    .   (no shield)
rNeg     . . .     Spirit   .   e - +0 leather armour
rPois    ∞         Reflect  .   l - +2 hat
rElec    .         Harm     .   (no cloak)
rCorr    .         Rampage  .   (no gloves)
Will     .....                  (boots unavailable)
Stlth    ++........             (no amulet)
HPRegen  0.11/turn              (no ring)
MPRegen  0.00/turn              (no ring)

@: flying
A: sickness immunity, fire resistance 2, cold vulnerability 1, float, innate
caster, hp casting, extra vitality 1
a: Renounce Religion, Curse Item


You were on level 3 of the Dungeon.
You worshipped Ashenzari.
Ashenzari was noncommittal.
You visited 1 branch of the dungeon, and saw 3 of its levels.

You collected 51 gold pieces.

Inventory:

Missiles
 b - 162 stones
 c - 61 bolts
 d - 31 arrows
Armour
 a - a +0 robe
 e - a +0 leather armour (worn)
 f - a +0 scale mail
 l - a +2 hat (worn)
Scrolls
 j - a scroll of enchant weapon
Potions
 g - a potion of heal wounds
 h - a potion of flight
 i - a potion of might
 k - a potion of lignification


   Skills:
 + Level 0.6 Armour
 + Level 2.6 Dodging
 + Level 2.1 Stealth
 + Level 3.6 Spellcasting


You couldn't memorise any spells.
You knew the following spells:

 Your Spells              Type           Power      Damage    Failure   Level
a - Foxfire               Conj/Fire      64%        2x1d7     4%          1
b - Conjure Flame         Conj/Fire      16%        6-21      14%         3
c - Inner Flame           Hex/Fire       16%        N/A       14%         3
d - Sticky Flame          Conj/Fire      16%        2d4       43%         4
e - Fireball              Conj/Fire      8%         3d6       80%         5
f - Pain                  Necr           64%        1d7       4%          1
g - Call Imp              Summ           16%        N/A       8%          2
Your spell library was empty.

Dungeon Overview and Level Annotations

Branches:
Dungeon (3/15)

Altars:
Ashenzari


Innate Abilities, Weirdness & Mutations

You are immune to sickness and miasma.
You are immune to poison.
Your flesh is very heat resistant. (rF++)
You are vulnerable to cold. (rC-)
You float through the air rather than walking.
You learn spells naturally, not from books.
Your magical power is your life essence.
You have superior vitality. (+4 HP)


Message History

Spell assigned to 'g'.
Unknown command.
Your foxfire dissipates!
Your magical contamination has completely faded away.
HP restored.
As you open the door, it creaks loudly!
There is an open door here.
Found a book of Flames and a +2 hat.
You see here a book of Flames.
You see here a +2 hat.
l - a +2 hat You start putting on your armour.
You continue putting on your +2 hat. x4
You finish putting on your +2 hat.
A wyvern zombie comes into view.
You see here a book of Flames.
The wyvern zombie bites you.
You conjure some foxfire!
The wyvern zombie bites you but does no damage.
The wyvern zombie bites you!
You are too injured to fight recklessly!
Unknown command.
Casting: Foxfire (safe; 4% risk of failure)
Press: ? - help, Q - select action, (/) - cycle Dir - look around, f - activate You conjure some foxfire!
The foxfire hits the wyvern zombie.
The wyvern zombie is lightly damaged.
The foxfire hits the wyvern zombie.
The wyvern zombie is lightly damaged.
The wyvern zombie bites you!
* * * LOW HITPOINT WARNING * * *
Casting: Foxfire (safe; 4% risk of failure)
Confirm with . or Enter, or press ? or * to list all spells.
A shadowy apparition takes form in the air.
* * * LOW HITPOINT WARNING * * *
The foxfire hits the wyvern zombie.
The wyvern zombie is lightly damaged.
The foxfire hits the wyvern zombie.
The wyvern zombie is moderately damaged.
The wyvern zombie bites you!
You die...

#..# ##:# # ##+##
#.###.##.# ##...##
#........# ##.....##
#####.#### #.......##
##.#.######
.........####.........##
.........'......Z.......
.........####.5.@####.##
#....†..## ##.§.# #
.......## ##...#
.#....## #.#.# #.#+##
#.#.# #. #.#.# # #. ..
## .#


You could see a wyvern zombie (ally target) and a friendly shadow imp
(summoned).

Vanquished Creatures
  An orc wizard (D:2)
  2 adders (D:2)
  2 dart slugs (D:1)
  3 orcs (D:2)
  3 endoplasms
  2 giant cockroaches
  2 hobgoblins
  3 jackals (D:3)
  10 kobolds
  4 quokkas
  2 ball pythons (D:1)
  5 frilled lizards
  3 goblins
  6 rats (D:1)
48 creatures vanquished.

Vanquished Creatures (collateral kills)
  7 foxfires (D:1)
7 creatures vanquished.

Vanquished Creatures (others)
  162 foxfires
162 creatures vanquished.

Grand Total: 217 creatures vanquished

Notes
Turn   | Place    | Note
-------+----------+-------------------------------------------
     0 | D:1      | snetch the Djinni Fire Elementalist began the quest for the
                  | Orb.
     0 | D:1      | Reached XP level 1. HP: 15/15 MP: 0/0
   228 | D:1      | Reached XP level 2. HP: 18/21 MP: 0/0
   838 | D:2      | Reached skill level 3 in Spellcasting
   844 | D:2      | Reached XP level 3. HP: 11/25 MP: 0/0
   844 | D:2      | Learned a level 1 spell: Pain
  1112 | D:2      | Reached XP level 4. HP: 18/31 MP: 0/0
  1883 | D:1      | Found a faded altar of an unknown god.
  1895 | D:1      | Became a worshipper of Ashenzari the Shackled
  2783 | D:3      | Reached XP level 5. HP: 31/35 MP: 0/0
  2783 | D:3      | Learned a level 2 spell: Call Imp
  2857 | D:3      | Slain by a wyvern zombie

Illustrated notes

Levels and vault maps discovered:
D:1:      dpeg_arrival_three_same_balls, layout_loops_corners,
          ebering_ecumenical_altar_sacrificial, serial_forest,
          infiniplex_forest_clump_C, infiniplex_forest_zigzag_2,
          infiniplex_forest_lined_2, infiniplex_forest_clump_small,
          infiniplex_forest_lined_room_3, infiniplex_forest_clump_tiny,
          infiniplex_forest_straight_2, supply_closet_lemuel,
          minmay_misc_feat_plants
D:2:      layout_rooms
D:3:      layout_loops_corners, serial_shops, nicolae_square_shop,
          nicolae_shop_waterfront, nicolae_square_shop, uniq_ijyb

Skill      XL: |  1  2  3  4 |
---------------+-------------+-----
Spellcasting   | 3 |  3.6
Stealth        | 2 |  2.1
Armour         | |  0.6
Dodging        | |  2.6

Action                   |  1- 3 |  4- 6 || total
-------------------------+-------+-------++-------
 Cast: Foxfire           |    47 |    51 ||    98
       Call Imp          |       |     1 ||     1
Armor: Robe              |     2 |       ||     2
       Leather armour    |       |     3 ||     3
Dodge: Dodged            |     8 |     8 ||    16

Table legend: (Time is in decaauts)
 A = Elapsed time spent in this place.
 B = Non-inter-level travel time spent in this place.
 C = Inter-level travel time spent in this place.
 D = Time resting spent in this place.
 E = Time spent auto-exploring this place.
 F = Levels seen in this place.
 G = Mean time per level.
                   A        B        C        D        E       F      G
               +--------+--------+--------+--------+--------+-----+--------+
         Total |   2862 |   2806 |     56 |    381 |   1880 |   3 |  954.0 |
       Dungeon |   2862 |   2806 |     56 |    381 |   1880 |   3 |  954.0 |
               +--------+--------+--------+--------+--------+-----+--------+

Top non-repeatable levels by time:
     D:1: 1831 daAuts
     D:2: 876 daAuts
     D:3: 154 daAuts
